cohdb
Replays
Latest Replays
All Replays
Popular Replays
Top Player Replays
Match Explorer
How It Works
Community
CoH3 Stats
Reddit
Sign in to upload your games and track your stats! →
Sign in with Steam
Match 41472732
Unlisted
Match 41472732
Overview
Messages
Build Orders
End
250 Light Carrier
Selects Italian Infantry
250 Light Carrier
Panzerpioneer Squad
Construct Light Support Kompanie
Panzerpioneer Squad
MG34 Team
Combat Half-tracks
Construct Mechanized Kompanie
Selects Guastatori Squad
Guastatori Squad
Guastatori Squad
Veteran Squad Leaders
Construct Panzerarmee Kommand
Selects Registered Artillery
Selects Defensive Operations
Guastatori Squad
Selects Towed Cannone da 105/28 Field Howitzer
是花间啊
只有框A才能打败框A
侠客
PapaPowell
Ultra Seven
hepelaion
0
0
Comments
sign in to comment!
No comments posted yet!